 Dungeon Crawl Stone Soup version 0.30.1-3-gfc49f6343a (webtiles) character file.

Game seed: 11872337207903600815

111 Inchmeat the Magician (level 4, -13/48 HPs)
             Began as a Gnoll Wanderer on July 19, 2023.
             Killed by divine providence
             ... invoked by an orc priest
              (15 damage)
             ... on level 3 of the Dungeon.
             The game lasted 00:06:51 (2160 turns).

Inchmeat the Magician (Gnoll Wanderer)              Turns: 2160, Time: 00:06:51

Health: -13/48     AC:  4    Str: 11    XL:     4   Next: 92%
Magic:  10/13      EV: 13    Int: 12    God:
Gold:   91         SH:  0    Dex: 13    Spells: 14/17 levels left

rFire   . . .        b - +0 mace
rCold   . . .        (no shield)
rNeg    . . .        e - +0 leather armour
rPois   .            (no helmet)
rElec   .            c - +0 cloak
rCorr   .            (no gloves)
SInv    .            (no boots)
Will    .....        (no amulet) Stlth
                     (no ring)
HPRegen 0.28/turn    (no ring)
MPRegen 0.13/turn

%: no passive effects
@: berserking, very quick
A: fangs 1, strong nose, distributed training
a: no special abilities


You were on level 3 of the Dungeon.
You visited 1 branch of the dungeon, and saw 3 of its levels.

You collected 91 gold pieces.

Inventory:

Hand Weapons
 a - a +2 sling
 b - a +0 mace (weapon)
Armour
 c - a +0 cloak (worn)
 e - a +0 leather armour (worn)
Scrolls
 d - a scroll of fear
 g - 4 scrolls of identify {unknown}
 h - a scroll of amnesia {unknown}
 j - a scroll of noise {unknown}
 k - 2 scrolls of magic mapping {unknown}
Potions
 f - a potion of mutation {unknown}
 i - a potion of berserk rage
 l - a potion of flight {unknown}


   Skills:
 + Level 1.3 Fighting
 + Level 1.3 Short Blades
 + Level 1.3 Long Blades
 + Level 1.3 Axes
 + Level 2.9 Maces & Flails
 + Level 1.3 Polearms
 + Level 1.3 Staves
 + Level 6.6 Ranged Weapons
 + Level 1.3 Throwing
 + Level 2.9 Armour
 + Level 4.7 Dodging
 + Level 1.3 Stealth
 + Level 1.3 Shields
 + Level 1.3 Unarmed Combat
 + Level 7.2 Spellcasting
 + Level 1.1 Conjurations
 + Level 1.1 Hexes
 + Level 1.1 Summonings
 + Level 1.1 Necromancy
 + Level 1.1 Translocations
 + Level 1.1 Transmutations
 + Level 1.1 Fire Magic
 + Level 1.1 Ice Magic
 + Level 1.1 Air Magic
 + Level 1.1 Earth Magic
 + Level 1.1 Poison Magic
 + Level 1.5 Invocations
 + Level 1.3 Evocations


You had 14 spell levels left.
You knew the following spells:

 Your Spells              Type           Power      Damage    Failure   Level
a - Static Discharge      Conj/Air       14%        2-3/arc   19%         2
b - Necrotise             Necr           28%        1d5       13%         1

Your spell library contained the following spells:

 Spells                   Type           Power      Damage    Failure   Level
 Foxfire                  Conj/Fire      28%        2x1d5     13%         1
 Gell's Gravitas          Tloc           7%         N/A       36%         3
 Teleport Other           Tloc           7%         N/A       36%         3
 Vampiric Draining        Necr           7%         2d6       36%         3
 Vhi's Electric Charge    Tloc/Air       14%        N/A       36%         3
 Volatile Blastmotes      Fire/Tloc      14%        2d11      36%         3
 Airstrike                Air            3%         2d(1-17)  77%         4
 Fulminant Prism          Conj/Hex       3%         3d5       77%         4
 Iskenderun's Mystic Bla  Conj/Tloc      7%         2d4       77%         4
 Summon Lightning Spire   Summ/Air       7%         N/A       77%         4
 Agony                    Necr           7%         N/A       98%         5
 Arcjolt                  Conj/Air       3%         1d13      98%         5
 Lee's Rapid Deconstruct  Erth           3%         3d5*      98%         5
 Dispersal                Tloc           3%         N/A       100%        6
 Plasma Beam              Fire/Air       3%         2x1d15    100%        6


Dungeon Overview and Level Annotations

Branches:
Dungeon (3/15)

Altars:

Shops:
D:1 *

Annotations:
D:3 Ijyb


Innate Abilities, Weirdness & Mutations

You have very sharp teeth.
Your uncanny sense of smell can sniff out nearby items.
Your experience applies equally to all skills.


Message History

Something hits you but does no damage.
Casting: Static Discharge (safe; 21% risk of failure)
Confirm with . or Enter, or press ? or * to list all spells.
You don't know that spell.
Sorry, you're not good enough to have a special ability.
Something hits you.
* * * LOW HITPOINT WARNING * * *
You see here a +0 sling.
It was a potion of berserk rage.
A red film seems to cover your vision as you go berserk!
You feel yourself moving faster!
You feel mighty!
Ijyb shouts!
Ijyb throws a stone.
The stone closely misses you. Something hits you.
* * * LOW HITPOINT WARNING * * *
Unknown command.
You miss something.
An orc wizard appears from thin air!
Reactivating autopickup.
The orc wizard casts a spell.
The orc wizard flickers and vanishes!
Deactivating autopickup; reactivate with Ctrl-A.
You closely miss something. You punch something. Your bite misses something.
Something hits you.
* * * LOW HITPOINT WARNING * * *
You thump something!
Reactivating autopickup.
You feel a bit more experienced. The orc misses you.
Things that are here:
a +0 dagger; a +0 robe; a +0 sling You barely miss the orc.
The orc is moderately wounded.
The orc priest looks encouraged for a moment.
The orc hits you with a +0 dagger.
* * * LOW HITPOINT WARNING * * *
You barely miss the orc.
The orc is moderately wounded.
Ijyb barely misses you.
The orc priest invokes the aid of Beogh against you.
Beogh smites you!
You die...

≈≈≈≈≈≈≈≈≈≈ ≈≈ ##.# P#
P#.P#..# ≈ ####..# .
..P..PP..## ##.#...# ..#
###.#.#..#### #.#
#............
###.###.###.##.....###.#
............##.###.###
#######.######.#......
#....g@oo......#
#####..#####o....#.#
#......# #.o....#.#
#.###..# #.##.#.#. #..#
#.##.....
#..####o...$.#.#
#........#####
##.####.##
#.####.######.


You could see Ijyb, an orc priest and 2 orcs.

Vanquished Creatures
  An orc wizard (D:3)
  2 adders (D:2)
  A worm (D:3)
  3 dart slugs
  2 orcs
  A ball python (D:1)
  4 bats
  6 endoplasms
  A giant cockroach (D:2)
  7 goblins
  6 hobgoblins
  2 jackals (D:1)
  3 quokkas
  3 frilled lizards (D:1)
  8 kobolds
  3 rats
53 creatures vanquished.

Notes
Turn   | Place    | Note
-------+----------+-------------------------------------------
     0 | D:1      | Inchmeat the Gnoll Wanderer began the quest for the Orb.
     0 | D:1      | Inchmeat set off with the following items: a +2 sling, a +0
                  | mace, a +0 cloak, a scroll of fear, a +0 leather armour.
     0 | D:1      | Reached XP level 1. HP: 13/13 MP: 8/8
     2 | D:1      | Noticed a minotaur
     2 | D:1      | Noticed a meteoran
     4 | D:1      | Noticed a troll
     4 | D:1      | Noticed a demigod
     6 | D:1      | Noticed a ghoul
     6 | D:1      | Noticed a tengu
     8 | D:1      | Noticed an ogre
     8 | D:1      | Noticed an octopode
    10 | D:1      | Noticed a human
    10 | D:1      | Noticed a naga
    14 | D:1      | Noticed a formicid
    14 | D:1      | Noticed a draconian
    16 | D:1      | Noticed a spriggan
    16 | D:1      | Noticed a vine stalker
    18 | D:1      | Noticed a demonspawn
    20 | D:1      | Noticed an elf
    20 | D:1      | Noticed a vampire
    22 | D:1      | Noticed a merfolk
    22 | D:1      | Noticed a felid
    24 | D:1      | Noticed a gargoyle
    24 | D:1      | Noticed a demigod
    26 | D:1      | Noticed an ogre
    26 | D:1      | Noticed a demonspawn
    30 | D:1      | Found Uxiopoas's General Store.
   149 | D:1      | Reached XP level 2. HP: 19/19 MP: 10/10
   324 | D:1      | Reached XP level 3. HP: 25/25 MP: 11/11
   537 | D:2      | Reached skill level 1 in Invocations
   571 | D:2      | Reached skill level 1 in Fighting
   571 | D:2      | Reached skill level 1 in Short Blades
   571 | D:2      | Reached skill level 1 in Long Blades
   571 | D:2      | Reached skill level 1 in Axes
   571 | D:2      | Reached skill level 1 in Polearms
   571 | D:2      | Reached skill level 1 in Staves
   571 | D:2      | Reached skill level 1 in Throwing
   571 | D:2      | Reached skill level 1 in Stealth
   571 | D:2      | Reached skill level 1 in Shields
   571 | D:2      | Reached skill level 1 in Unarmed Combat
   571 | D:2      | Reached skill level 1 in Evocations
   714 | D:2      | Reached XP level 4. HP: 32/32 MP: 13/13
   900 | D:2      | Learned a level 2 spell: Static Discharge
  1375 | D:2      | Found a faded altar of an unknown god.
  1386 | D:2      | Got Plato's Precepts of Conflagration
  1537 | D:3      | Reached skill level 1 in Conjurations
  1537 | D:3      | Reached skill level 1 in Hexes
  1537 | D:3      | Reached skill level 1 in Summonings
  1537 | D:3      | Reached skill level 1 in Necromancy
  1537 | D:3      | Reached skill level 1 in Translocations
  1537 | D:3      | Reached skill level 1 in Transmutations
  1537 | D:3      | Reached skill level 1 in Fire Magic
  1537 | D:3      | Reached skill level 1 in Ice Magic
  1537 | D:3      | Reached skill level 1 in Air Magic
  1537 | D:3      | Reached skill level 1 in Earth Magic
  1537 | D:3      | Reached skill level 1 in Poison Magic
  1543 | D:3      | Noticed Ijyb
  1964 | D:3      | Learned a level 1 spell: Necrotise
  2156 | D:3      | HP: 2/48 [something (2)]
  2160 | D:3      | Killed from afar by an orc priest

Illustrated notes

Levels and vault maps discovered:
D:1:      kb_arrival_jail, layout_rooms, serial_shops, shop
D:2:      layout_loops_cross, shapermc_ecumenical_altar_rom_forum,
          minmay_goblin_kobold_house
D:3:      layout_loops_ring, nicolae_elyvilon_temple_path, corexii_corridor_pit,
          nicolae_titane, uniq_ijyb

Skill      XL: |  1  2  3  4 |
---------------+-------------+-----
Invocations    | 1 |  1.5
Fighting       | 1 |  1.3
Short Blades   | 1 |  1.3
Long Blades    | 1 |  1.3
Axes           | 1 |  1.3
Polearms       | 1 |  1.3
Staves         | 1 |  1.3
Throwing       | 1 |  1.3
Stealth        | 1 |  1.3
Shields        | 1 |  1.3
Unarmed Combat | 1 |  1.3
Evocations     | 1 |  1.3
Conjurations   | 1 |  1.1
Hexes          | 1 |  1.1
Summonings     | 1 |  1.1
Necromancy     | 1 |  1.1
Translocations | 1 |  1.1
Transmutations | 1 |  1.1
Fire Magic     | 1 |  1.1
Ice Magic      | 1 |  1.1
Air Magic      | 1 |  1.1
Earth Magic    | 1 |  1.1
Poison Magic   | 1 |  1.1
Maces & Flails | |  2.9
Ranged Weapons | |  6.6
Armour         | |  2.9
Dodging        | |  4.7
Spellcasting   | |  7.2

Action                     |  1- 3 |  4- 6 || total
---------------------------+-------+-------++-------
  Melee: Mace              |    26 |    44 ||    70
         Bite              |     2 |     1 ||     3
         Punch             |       |     2 ||     2
   Fire: Sling             |    80 |       ||    80
   Cast: Static Discharge  |       |    10 ||    10
         Necrotise         |       |     6 ||     6
    Use: Potion            |       |     1 ||     1
   Stab: Sleeping          |     1 |     2 ||     3
 Armour: Leather armour    |    10 |    12 ||    22
  Dodge: Dodged            |    33 |    45 ||    78
